AoeStats
← Legion64

Arabia

506554100Analyzed
4v4 RM · 19d ago on Sep 14, 2026· 85m 23s· 8 players
Game mode
Random Map
Map size
Large (8 player)
Population
200
Speed
Normal
Resources
Standard
Victory
Conquest
Starting age
Dark Age
Ending age
Imperial Age
RankedLock teamsTeams togetherTeam positionsShared explorationLock speedFull tech treeHidden civsTurbo modeCheats
Victory
Defeat
🇮🇳 Burmese · India
1992
+10
🇮🇳 Aztecs · India
1934
+13
🇮🇳 Gurjaras · India
1896
+14
🇮🇳 Bengalis · India
1871
+15
🇨🇦 Khmer · Canada
1954
-16
🇨🇦 Mapuche · Canada
1907
-15
🇦🇷 Slavs · Argentina
1827
-12
🇦🇷 Romans · Argentina
1747
-9
mentalist_
5:35 Loom
9:33 Feudal Age
10:13 Double-Bit Axe
13:52 Fletching
16:52 Wheelbarrow
17:49 Town Watch
22:09 Castle Age
20:29 Double-Bit Axe
21:04 Horse Collar
21:46 Gold Mining
22:35 Padded Archer Armor
22:52 Bodkin Arrow
22:26 Crossbowman
23:45 Padded Archer Armor
24:57 Bow Saw
28:10 Heavy Plow
29:58 Ballistics
31:11 Hand Cart
34:05 Stone Mining
38:52 Imperial Age
38:59 Imperial Age
37:34 Scale Mail Armor
37:45 Forging
37:22 Arson
38:08 Scale Barding Armor
38:57 Bloodlines
38:48 Husbandry
40:03 Iron Casting
39:11 Elite Battle Elephant
40:12 Chain Barding Armor
40:33 Conscription
41:03 Gold Shaft Mining
45:20 Plate Barding Armor
44:34 Light Cavalry
45:01 Elite Skirmisher
45:42 Bracer
46:55 Blast Furnace
46:15 Caravan
46:47 Crop Rotation
45:59 Hussar
48:24 Coinage
48:56 Tusk Swords
50:07 Banking
50:30 Pikeman
55:43 Chain Mail Armor
55:55 Halberdier
58:24 Capped Ram
62:33 Chemistry
61:35 Bracer
64:47 Siege Engineers
67:04 Heavy Scorpion
67:06 Siege Ram
68:06 Double Crossbow
67:39 Man-at-Arms
67:48 Elite Ballista Elephant
70:13 Masonry
70:32 Siege Ram
71:47 Sanctity
71:40 Redemption
71:55 Illumination
78:09 Architecture
78:19 Hoardings
78:16 Elite Ballista Elephant
78:35 Elite Ballista Elephant
81:08 Sanctity
81:47 Redemption
84:48 Illumination
84:36 Fervor
IamChristopher
6:15 Loom
8:25 Feudal Age
8:52 Double-Bit Axe
10:47 Champi Runner
24:49 Castle Age
23:16 Horse Collar
27:49 Bow Saw
28:14 Fletching
33:02 Wheelbarrow
35:05 Padded Archer Armor
35:28 Bodkin Arrow
37:48 Hand Cart
43:25 Imperial Age
41:21 Gold Mining
41:33 Heavy Plow
41:56 Stone Mining
42:57 Ballistics
44:29 Leather Archer Armor
45:15 Chemistry
43:58 Elite Bolas Rider
45:22 Conscription
47:29 Butalmapu
48:21 Malon
50:09 Ring Archer Armor
51:45 Coinage
55:12 Banking
57:29 Caravan
65:01 Gold Shaft Mining
64:58 Crop Rotation
64:01 Champi Warrior
66:15 Scale Mail Armor
66:26 Forging
66:20 Elite Champi Warrior
67:24 Arson
67:55 Chain Mail Armor
69:18 Plate Mail Armor
69:24 Iron Casting
72:17 Blast Furnace
75:42 Onager
80:39 Pikeman
81:53 Halberdier
83:32 Elite Kona
guri
6:46 Loom
9:18 Feudal Age
9:53 Double-Bit Axe
9:57 Horse Collar
18:11 Scale Barding Armor
19:36 Forging
21:05 Bloodlines
23:51 Wheelbarrow
26:26 Castle Age
24:29 Gold Mining
27:38 Chain Barding Armor
27:53 Iron Casting
26:41 Light Cavalry
27:21 Husbandry
28:09 Bow Saw
42:33 Stone Mining
43:53 Hand Cart
43:48 Heavy Plow
44:01 Town Watch
50:33 Imperial Age
49:03 Squires
49:05 Scale Mail Armor
50:38 Cavalier
50:39 Hussar
50:53 Hussar
52:17 Plate Barding Armor
52:42 Blast Furnace
52:08 Conscription
59:20 Crop Rotation
65:57 Scale Mail Armor
66:00 Squires
65:50 Pikeman
67:09 Chain Mail Armor
67:29 Caravan
67:25 Halberdier
68:57 Plate Mail Armor
Mati
2:54 Loom
15:35 Feudal Age
20:17 Castle Age
19:48 Forging
20:18 Light Cavalry
23:38 Scale Barding Armor
23:49 Double-Bit Axe
26:07 Chain Barding Armor
26:10 Fletching
31:46 Bodkin Arrow
34:09 Wheelbarrow
33:22 Town Watch
34:02 Bow Saw
33:45 Horse Collar
35:08 Fervor
35:48 Hand Cart
36:06 Heavy Plow
36:11 Squires
35:31 Pikeman
36:28 Scale Mail Armor
38:30 Iron Casting
39:19 Chain Mail Armor
40:36 Masonry
44:07 Imperial Age
42:20 Chain Barding Armor
42:36 Gold Mining
42:36 Stone Mining
44:11 Heavy Scorpion
46:01 Blast Furnace
44:27 Halberdier
45:47 Ballistics
46:33 Chemistry
49:21 Crop Rotation
52:48 Capped Ram
52:59 Capped Ram
53:59 Ballistas
55:31 Padded Archer Armor
54:55 Siege Ram
56:11 Conscription
56:14 Comitatenses
56:02 Caravan
57:08 Plate Barding Armor
57:12 Leather Archer Armor
64:25 Ring Archer Armor
65:12 Guilds
65:35 Bloodlines
65:25 Husbandry
66:12 Siege Engineers
66:47 Architecture
66:12 Murder Holes
67:35 Man-at-Arms
78:03 Long Swordsman
83:29 Coinage
82:36 Onager
Laming Yamal
10:51 Feudal Age
9:10 Loom
10:56 Feudal Age
15:14 Castle Age
15:41 Double-Bit Axe
16:18 Gold Mining
29:51 Wheelbarrow
29:07 Horse Collar
33:28 Hand Cart
37:51 Imperial Age
36:04 Gold Shaft Mining
35:45 Bow Saw
35:59 Scale Mail Armor
37:07 Squires
36:28 Eagle Warrior
36:54 Gambesons
36:56 Arson
37:36 Chain Mail Armor
38:15 Elite Eagle Warrior
39:26 Plate Mail Armor
39:08 Forging
41:11 Gold Shaft Mining
40:37 Heavy Plow
42:44 Iron Casting
42:31 Conscription
43:18 Garland Wars
43:02 Pikeman
44:33 Caravan
44:47 Onager
44:54 Onager
52:49 Capped Ram
58:33 Blast Furnace
57:48 Siege Engineers
58:46 Chemistry
59:18 Coinage
60:46 Banking
61:06 Siege Onager
71:16 Siege Ram
74:55 Elite Jaguar Warrior
79:31 Fortified Wall
link_chaos
7:01 Loom
9:22 Feudal Age
10:02 Double-Bit Axe
19:33 Wheelbarrow
25:01 Castle Age
22:55 Horse Collar
25:42 Bloodlines
28:34 Husbandry
38:52 Scale Barding Armor
39:49 Kshatriyas
40:37 Chain Barding Armor
39:38 Light Cavalry
41:50 Forging
45:16 Imperial Age
44:36 Caravan
50:57 Hand Cart
51:03 Conscription
51:07 Hussar
53:00 Plate Barding Armor
54:28 Iron Casting
53:58 Heavy Camel Rider
59:35 Town Watch
74:53 Elite Shrivamsha Rider
75:41 Elite Shrivamsha Rider
83:08 Siege Elephant
BSL | n0_chanc3
5:59 Loom
8:25 Feudal Age
12:55 Fletching
21:20 Castle Age
19:48 Gold Mining
22:02 Bodkin Arrow
22:01 Crossbowman
23:29 Careening
23:42 Ballistics
23:10 Horse Collar
31:49 Wheelbarrow
32:17 Stone Mining
33:26 Gold Shaft Mining
35:13 Padded Archer Armor
38:15 Imperial Age
35:51 Padded Archer Armor
36:29 Husbandry
36:50 Bloodlines
39:39 Parthian Tactics
40:29 Hand Cart
42:43 Chemistry
42:03 Elite Arambai
48:04 Conscription
47:47 Manipur Cavalry
48:26 Bracer
58:55 Fortified Wall
59:41 Caravan
65:13 Heavy Plow
69:07 Coinage
70:46 Siege Engineers
80:43 Masonry
Legion64
6:21 Loom
6:26 Loom
9:14 Feudal Age
10:02 Double-Bit Axe
10:42 Horse Collar
14:37 Wheelbarrow
16:40 Scale Barding Armor
16:54 Forging
19:07 Bloodlines
22:26 Castle Age
21:20 Gold Mining
23:38 Chain Barding Armor
22:40 Light Cavalry
23:21 Husbandry
23:34 Bow Saw
25:47 Iron Casting
27:15 Heavy Plow
29:41 Hand Cart
35:42 Devotion
44:06 Imperial Age
43:54 Gold Shaft Mining
44:28 Paiks
45:12 Sanctity
45:58 Plate Barding Armor
45:27 Elite Battle Elephant
47:50 Two-Man Saw
48:20 Blast Furnace
48:18 Mahayana
48:19 Conscription
50:10 Coinage
51:22 Fortified Wall
52:05 Caravan
52:23 Guilds
54:29 Banking
59:10 Town Watch
61:11 Stone Mining
65:11 Fletching
70:02 Onager
72:06 Siege Engineers
79:36 Siege Elephant
80:15 Bodkin Arrow
81:41 Ballistics
Connection lost

Rejoining the realm…

Still unreachable

The connection could not be restored.

Session expired

The server has moved on; the page needs a fresh start.